[Event "Titled Tuesday Blitz June 6 Early 2023"]
[White "Lopez Idarraga, Daniel Eduardo"]
[Black "Ibadov, Dashgyn"]
[WhiteFideId "4405501"]
[BlackFideId "24107514"]
[WhiteElo "1980"]
[BlackElo "2208"]
[Result "1/2-1/2"]
[Round "9"]
[TimeControl "180+2"]
[Date "2023.06.06"]
[WhiteClock "0:00:06"]
[BlackClock "0:00:03"]
[Board "66"]

1. d4 d5 2. Bf4 Nf6 3. e3 c5 4. Nd2 Nc6 5. c3 Bf5 6. Ngf3 e6 7. Bb5 Nd7 8. Qa4 Qb6 9. Ne5 Ndxe5 10. Bxe5 f6 11. Bg3 Be7 12. Nb3 c4 13. Na5 Rc8 14. b4 O-O 15. Nxc6 bxc6 16. Ba6 Rce8 17. O-O Rd8 18. f3 Bd3 19. Rfe1 Bd6 20. Bf2 e5 21. e4 Qc7 22. exd5 cxd5 23. dxe5 Bxe5 24. Rxe5 fxe5 25. Bb5 e4 26. Qxa7 Qe5 27. Bd4 Qg5 28. f4 Rxf4 29. Bc6 Rg4 30. Kh1 Rxg2 31. Be3 Qg4 32. Qe7 Rc8 33. Bxd5+ Kh8 34. Qe6 Qxe6 35. Bxe6 Re2 36. Bxc8 Rxe3 37. b5 Re2 38. b6 e3 39. b7 Be4+ 40. Kg1 Rg2+ 41. Kf1 e2+ 42. Ke1 Bxb7 43. Bxb7 Rg1+ 44. Kxe2 Rxa1 45. Ke3 Rxa2 46. h3 Rh2 47. Bc8 Kg8 48. Kd4 Kf7 49. Kxc4 Ke7 50. Kc5 Rf2 51. c4 g5 52. Bg4 Rf4 53. Kd5 Rf2 54. c5 Rd2+ 55. Kc6 Kd8 56. Kb7 Rb2+ 57. Kc6 h6 58. Kd6 Rd2+ 59. Kc6 Rd3 60. Kb7 h5 61. Bf5 Rb3+ 62. Kc6 Rb4 63. Kd6 g4 64. hxg4 hxg4 65. c6 Rd4+ 66. Kc5 Rd2 67. Bxg4 Kc7 68. Bd7 Rc2+ 69. Kd5 Rd2+ 70. Ke6 Kb6 71. Ke7 Kc7 72. Ke6 Rd3 73. Ke7 Re3+ 74. Kf6 Kd6 75. Kf5 Rc3 76. Ke4 Rc4+ 77. Kd3 Rh4 78. Ke3 Rc4 79. Kd3 Rc5 80. Kd4 Rd5+ 81. Ke4 Rc5 82. Kd4 Rxc6 83. Bxc6 1/2-1/2


[Site "https://www.chess.com"]

[Event "Titled Tuesday Blitz June 6 Early 2023"]
[White "Belov, Alexei"]
[Black "LangesNasenhaar"]
[WhiteFideId "4128206"]
[WhiteElo "2624"]
[BlackElo "2478"]
[Result "1-0"]
[Round "9"]
[TimeControl "180+2"]
[Date "2023.06.06"]
[WhiteClock "0:00:05"]
[BlackClock "0:00:05"]
[Board "67"]

1. e4 d6 2. d4 Nf6 3. Nc3 Nbd7 4. Nf3 e5 5. Bc4 Be7 6. O-O c6 7. a4 h6 8. Ba2 Qc7 9. Qe2 Nf8 10. Rd1 Ng6 11. h3 a5 12. Be3 O-O 13. dxe5 dxe5 14. Nh2 Nf4 15. Qf3 g5 16. Ng4 Nxg4 17. hxg4 Be6 18. g3 Ng6 19. Qe2 Bxa2 20. Rxa2 Rfd8 21. Raa1 Nf8 22. Qc4 Ne6 23. Kg2 Kg7 24. f3 Bb4 25. Ne2 Rxd1 26. Rxd1 Rd8 27. Rd3 Rd7 28. c3 Be7 29. Nc1 Qd8 30. Rxd7 Qxd7 31. Qd3 Qc7 32. Qc4 Qd6 33. Nd3 f6 34. Kf2 Qd7 35. Ke2 Qd6 36. Ne1 Qd7 37. Nc2 Qd6 38. Bb6 Bd8 39. Ne3 Qd7 40. Nf5+ Kh7 41. Bxd8 Nxd8 42. Qc5 Ne6 43. Qxa5 Kg6 44. Qa8 Kh7 45. Qb8 Nc5 46. Qd6 Qxd6 47. Nxd6 Nxa4 48. Kd2 Nxb2 49. Nxb7 Nc4+ 50. Kd3 Nb6 51. Nd8 c5 52. Ne6 c4+ 53. Kc2 Kg6 54. Kb2 Kf7 55. Nc5 Ke7 56. Ka3 Kd6 57. Kb4 Kc6 58. Na4 Nxa4 59. Kxa4 Kc5 60. Ka5 f5 61. exf5 h5 62. gxh5 g4 63. f6 Kd6 64. h6 gxf3 65. f7 f2 66. f8=Q+ Kd5 67. Qxf2 e4 68. Qe3 Ke5 69. h7 Kf5 70. h8=Q 1-0


[Site "https://www.chess.com"]

[Event "Titled Tuesday Blitz June 6 Early 2023"]
[White "Vlassov, Nikolai"]
[Black "Tomaszewski, Kacper"]
[WhiteFideId "4103360"]
[BlackFideId "1127373"]
[WhiteElo "2324"]
[BlackElo "2211"]
[Result "0-1"]
[Round "9"]
[TimeControl "180+2"]
[Date "2023.06.06"]
[WhiteClock "0:00:17"]
[BlackClock "0:00:44"]
[Board "68"]

1. e4 d6 2. f4 c5 3. Nf3 Nc6 4. Nc3 g6 5. h3 Bg7 6. g4 h5 7. g5 e5 8. d3 f5 9. gxf6 Nxf6 10. Rg1 exf4 11. Bxf4 Ne7 12. Qd2 Be6 13. Nb5 O-O 14. Ng5 Bd7 15. Nxd6 Nfd5 16. exd5 Nxd5 17. d4 Rxf4 18. Bc4 Qe7+ 19. Kd1 Qxd6 20. Qxf4 Qxf4 21. Bxd5+ Kh8 22. Nf7+ Kg8 23. Ng5+ Kf8 24. Ke2 Re8+ 25. Kd3 Qxd4# 0-1


[Site "https://www.chess.com"]

[Event "Titled Tuesday Blitz June 6 Early 2023"]
[White "Zaitsev, Alexander"]
[Black "Goroshkov, Maksym"]
[WhiteFideId "4164490"]
[BlackFideId "14142716"]
[WhiteElo "2373"]
[BlackElo "2322"]
[Result "0-1"]
[Round "9"]
[TimeControl "180+2"]
[Date "2023.06.06"]
[WhiteClock "0:00:04"]
[BlackClock "0:00:19"]
[Board "69"]

1. e4 e5 2. Nc3 Nf6 3. Bc4 Nc6 4. d3 Be7 5. f4 O-O 6. Nf3 d6 7. O-O Bg4 8. h3 Bxf3 9. Qxf3 exf4 10. Bxf4 Ne5 11. Bxe5 dxe5 12. Kh1 c6 13. Ne2 a5 14. a4 g6 15. Rf2 Kg7 16. Raf1 b5 17. axb5 cxb5 18. Bxb5 Ng8 19. Qg3 f6 20. Bc4 Qb6 21. b3 a4 22. bxa4 Rxa4 23. Nc3 Ra7 24. Nd5 Qd8 25. Ne3 Bc5 26. Rf3 Bxe3 27. Rxe3 Rc7 28. Ref3 Rc6 29. h4 Ne7 30. h5 Qd6 31. Qf2 Ng8 32. Qa7+ Rc7 33. Qe3 Nh6 34. Rg3 g5 35. Qf3 Qd8 36. Qe2 Rc6 37. Bd5 Rb6 38. c3 Qe8 39. d4 g4 40. Qe3 Qxh5+ 41. Kg1 Rfb8 42. dxe5 Qxe5 43. c4 Rb1 44. Qa7+ Kh8 45. Qf2 Kg7 46. Kh2 Rxf1 47. Qxf1 Rb3 48. Qf2 Nf7 49. Bxf7 Kxf7 50. c5 h5 0-1


[Site "https://www.chess.com"]

[Event "Titled Tuesday Blitz June 6 Early 2023"]
[White "Gavrilov, Maxim"]
[Black "Hristodoulou, Panagiotis"]
[WhiteFideId "24271454"]
[BlackFideId "4214340"]
[WhiteElo "1969"]
[BlackElo "2272"]
[Result "0-1"]
[Round "9"]
[TimeControl "180+2"]
[Date "2023.06.06"]
[WhiteClock "0:00:18"]
[BlackClock "0:00:44"]
[Board "71"]

1. b3 Nf6 2. Bb2 d5 3. Nf3 c6 4. e3 Bg4 5. c4 e6 6. Be2 Nbd7 7. Qc2 Bd6 8. Nc3 O-O 9. d4 a6 10. O-O b5 11. h3 Bh5 12. Rac1 Qe7 13. c5 Bc7 14. b4 a5 15. a3 Bxf3 16. Bxf3 e5 17. dxe5 Nxe5 18. Be2 axb4 19. axb4 Rfe8 20. Rcd1 Ng6 21. g3 Qe6 22. Kg2 h5 23. Bf3 Ne5 24. Be2 Rab8 25. Rfe1 Nc4 26. Bxc4 bxc4 27. Qa4 h4 28. Ne2 hxg3 29. Nxg3 Bxg3 30. fxg3 Ra8 31. Qc2 Ne4 32. Rf1 Ra2 33. Ra1 Rea8 34. Qb1 Rxa1 35. Bxa1 c3 36. Qc2 d4 37. Kf3 Nd2+ 38. Ke2 Qxe3+ 0-1


[Site "https://www.chess.com"]

[Event "Titled Tuesday Blitz June 6 Early 2023"]
[White "Kochiev, Ivan"]
[Black "Jovic, Stanoje"]
[WhiteFideId "2917890"]
[BlackFideId "905020"]
[WhiteElo "2287"]
[BlackElo "2236"]
[Result "1-0"]
[Round "9"]
[TimeControl "180+2"]
[Date "2023.06.06"]
[WhiteClock "0:00:09"]
[BlackClock "0:00:21"]
[Board "72"]

1. e4 c6 2. d4 d5 3. Nc3 dxe4 4. Nxe4 Nf6 5. Nxf6+ exf6 6. c3 Bd6 7. Bd3 O-O 8. Ne2 Qc7 9. Ng3 Re8+ 10. Be3 Bf4 11. Qf3 c5 12. O-O-O Bxe3+ 13. fxe3 c4 14. Bc2 Nc6 15. h4 b5 16. h5 h6 17. Nf5 b4 18. Rh3 b3 19. axb3 cxb3 20. Bxb3 Rb8 21. Bc2 Nb4 22. cxb4 Rxb4 23. Qg3 Qxg3 24. Rxg3 Re6 25. Rxg7+ Kf8 26. Rh7 Ke8 27. Ng7+ Ke7 28. Nxe6 Bxe6 29. d5 Bg4 30. d6+ Ke6 31. d7 Bxd1 32. d8=Q 1-0


[Site "https://www.chess.com"]

[Event "Titled Tuesday Blitz June 6 Early 2023"]
[White "Diaz Rosas, Julio Cesar"]
[Black "KorolDimitriy75"]
[WhiteFideId "5105099"]
[WhiteElo "2284"]
[BlackElo "2462"]
[Result "1-0"]
[Round "9"]
[TimeControl "180+2"]
[Date "2023.06.06"]
[WhiteClock "0:01:11"]
[BlackClock "0:00:07"]
[Board "73"]

1. e4 c5 2. Nf3 d6 3. Bc4 g6 4. O-O Bg7 5. c3 Nc6 6. d4 cxd4 7. cxd4 Nf6 8. d5 Nb8 9. Nc3 O-O 10. Be3 Nbd7 11. Qd2 Nc5 12. Bxc5 dxc5 13. e5 Nd7 14. Rfe1 Nb6 15. b3 Bg4 16. Qf4 Bxf3 17. Qxf3 Nd7 18. Qg3 Qc7 19. f4 a6 20. a4 Rad8 21. Rad1 Kh8 22. Ne4 Qa5 23. Qh4 b5 24. axb5 axb5 25. Bf1 Nb6 26. d6 exd6 27. Nxd6 Rb8 28. Bxb5 Qb4 29. Bc4 Nxc4 30. bxc4 Qc3 31. Qg3 h6 32. Qxc3 1-0


[Site "https://www.chess.com"]

[Event "Titled Tuesday Blitz June 6 Early 2023"]
[White "Degenbaev, Aziz"]
[Black "Ramirez Vido, Robert Yorisan"]
[WhiteFideId "13802640"]
[BlackFideId "3513823"]
[WhiteElo "2152"]
[BlackElo "2461"]
[Result "1-0"]
[Round "9"]
[TimeControl "180+2"]
[Date "2023.06.06"]
[WhiteClock "0:00:58"]
[BlackClock "0:00:05"]
[Board "74"]

1. e4 d6 2. d4 Nf6 3. Nc3 g6 4. f4 Bg7 5. Nf3 c5 6. Bb5+ Bd7 7. e5 Ng4 8. Bxd7+ Qxd7 9. h3 cxd4 10. Qxd4 Nh6 11. Qf2 Nc6 12. Bd2 dxe5 13. O-O-O O-O-O 14. Nxe5 Nxe5 15. fxe5 Nf5 16. Qxa7 Bxe5 17. Be3 Qc6 18. Qa8+ Kc7 19. Qa5+ Kc8 20. Qxe5 f6 21. Qf4 e5 22. Qf2 Nd6 23. Qxf6 Rhf8 24. Qxe5 Rfe8 25. Qf4 Nc4 26. Ba7 1-0


[Site "https://www.chess.com"]

[Event "Titled Tuesday Blitz June 6 Early 2023"]
[White "Czerw, Dawid"]
[Black "Toncheva, Nadya"]
[WhiteFideId "1145746"]
[BlackFideId "2924056"]
[WhiteElo "2144"]
[BlackElo "2101"]
[Result "0-1"]
[Round "9"]
[TimeControl "180+2"]
[Date "2023.06.06"]
[WhiteClock "0:00:01"]
[BlackClock "0:00:06"]
[Board "75"]

1. e4 c5 2. Nf3 e6 3. d4 cxd4 4. Nxd4 Nc6 5. Nc3 Qc7 6. Be3 a6 7. Qd2 b5 8. Bf4 e5 9. Nxc6 dxc6 10. Bg3 Nf6 11. O-O-O Be7 12. f3 O-O 13. h4 b4 14. Na4 Be6 15. Kb1 Rfd8 16. Bd3 c5 17. Qf2 c4 18. Be2 Qa5 19. b3 Bd7 20. Nb2 Bc5 21. Qe1 cxb3 22. cxb3 Bd4 23. Nc4 Qc5 24. Rc1 Bc3 25. Qg1 Qe7 26. Qh2 Re8 27. Rhd1 a5 28. Nb6 Ra7 29. Bf2 Rb7 30. g4 a4 31. g5 axb3 32. axb3 Ra7 33. gxf6 Ra1+ 34. Kc2 Ra2+ 35. Kd3 Qd6+ 36. Nd5 Bb5+ 37. Ke3 Qc5+ 38. Rd4 Qxd4# 0-1


[Site "https://www.chess.com"]

[Event "Titled Tuesday Blitz June 6 Early 2023"]
[White "Gheorghiu, Calin"]
[Black "kuanysh1981"]
[WhiteFideId "1200305"]
[WhiteElo "2204"]
[BlackElo "2452"]
[Result "0-1"]
[Round "9"]
[TimeControl "180+2"]
[Date "2023.06.06"]
[WhiteClock "0:00:06"]
[BlackClock "0:00:18"]
[Board "76"]

1. e4 c5 2. Nf3 e6 3. c3 Nf6 4. e5 Nd5 5. d4 cxd4 6. cxd4 d6 7. a3 Be7 8. Bd3 b6 9. O-O Bb7 10. Qe2 O-O 11. Qe4 g6 12. Qg4 Nd7 13. h4 dxe5 14. dxe5 Nc5 15. Bc2 Nd7 16. h5 Rc8 17. Be4 Rc4 18. Nbd2 N5f6 19. exf6 Nxf6 20. Qh3 Rxe4 21. Nxe4 Bxe4 22. Bh6 Re8 23. Rfd1 Qa8 24. hxg6 hxg6 25. Ng5 Bf5 26. Qf3 Ng4 27. Qxa8 Rxa8 28. Rd7 Re8 29. Nxf7 Kxf7 30. Bg5 Kf8 31. Bxe7+ Rxe7 32. Rxe7 Kxe7 33. Rc1 Kd6 34. b4 Nf6 35. f3 Nd5 36. Kf2 e5 37. g4 Be6 38. Rh1 Nf4 39. Ke3 a5 40. bxa5 bxa5 41. Rh7 a4 42. Ra7 Bb3 43. Ra5 Bc2 44. Kd2 Bb3 45. Ke3 Nd5+ 46. Kf2 Nf4 47. Kg3 Ke6 48. Kh4 Kf6 49. Ra6+ Ke7 50. Kg5 Bd1 51. Ra7+ Ke6 52. Ra6+ Kd5 53. Kf6 Kd4 54. Rd6+ Nd5+ 55. Kxg6 Bxf3 56. Kf7 Bxg4 57. Ra6 Bd1 58. Ke6 Bb3 59. Kd6 e4 60. Ra8 e3 61. Re8 Kd3 62. Kc5 Kd2 63. Kd4 e2 64. Re5 e1=Q 65. Rxe1 Kxe1 66. Kc5 Kd2 67. Kb5 Kc3 68. Kc5 Kb2 0-1


[Site "https://www.chess.com"]

[Event "Titled Tuesday Blitz June 6 Early 2023"]
[White "Garcia Cuenca, Victor"]
[Black "Machidon, Cristi"]
[WhiteFideId "2250829"]
[BlackFideId "13904590"]
[WhiteElo "2329"]
[BlackElo "2355"]
[Result "0-1"]
[Round "9"]
[TimeControl "180+2"]
[Date "2023.06.06"]
[WhiteClock "0:00:04"]
[BlackClock "0:00:09"]
[Board "77"]

1. Nf3 c5 2. g3 d5 3. Bg2 Nc6 4. O-O g6 5. d3 Bg7 6. c4 dxc4 7. dxc4 Qxd1 8. Rxd1 Be6 9. Nc3 Bxc4 10. Be3 Bxc3 11. bxc3 Nf6 12. Bxc5 Ne4 13. Ne5 Nxc5 14. Nxc6 e6 15. Na5 Ba6 16. Rab1 Rb8 17. Nc6 Ra8 18. Nd4 Ke7 19. Nb3 Na4 20. Rdc1 Rac8 21. Na5 Nxc3 22. Rxc3 Rxc3 23. Bxb7 Rb8 24. Rb4 Bxb7 25. Nxb7 Rc7 0-1


[Site "https://www.chess.com"]

[Event "Titled Tuesday Blitz June 6 Early 2023"]
[White "Trifan, Andrei Ioan"]
[Black "Alexikov, Alexander"]
[WhiteFideId "12967068"]
[BlackFideId "14103958"]
[WhiteElo "2208"]
[BlackElo "2186"]
[Result "1-0"]
[Round "9"]
[TimeControl "180+2"]
[Date "2023.06.06"]
[WhiteClock "0:00:47"]
[BlackClock "0:00:03"]
[Board "78"]

1. e4 c5 2. b3 Nc6 3. Bb2 d6 4. Nf3 e5 5. Bb5 Bd7 6. O-O Nf6 7. Re1 Be7 8. Nc3 O-O 9. Bf1 Bg4 10. h3 Bh5 11. Nd5 Nxd5 12. exd5 Nd4 13. Bxd4 cxd4 14. c3 f5 15. Qc2 d3 16. Qxd3 e4 17. Qe3 Rf7 18. Nd4 Bg5 19. f4 exf3 20. Qf2 fxg2 21. Qxg2 Qf6 22. Re6 Qd8 23. Rae1 Bf6 24. Nxf5 Bg6 25. Nxd6 Rd7 26. Ne4 Bh4 27. Re3 Rxd5 28. Bc4 1-0


[Site "https://www.chess.com"]

[Event "Titled Tuesday Blitz June 6 Early 2023"]
[White "ArchibaldCerveza29"]
[Black "Jaskolka, Tomasz"]
[BlackFideId "1170791"]
[WhiteElo "2441"]
[BlackElo "2155"]
[Result "1-0"]
[Round "9"]
[TimeControl "180+2"]
[Date "2023.06.06"]
[WhiteClock "0:00:15"]
[BlackClock "0:00:02"]
[Board "79"]

1. e4 c5 2. c3 Nf6 3. e5 Nd5 4. d4 cxd4 5. Nf3 e6 6. cxd4 d6 7. Bc4 Be7 8. O-O O-O 9. Re1 b6 10. Bxd5 exd5 11. Nc3 Be6 12. Bf4 Nc6 13. Rc1 Rc8 14. Nb5 dxe5 15. dxe5 Bb4 16. Re2 Bc5 17. a3 Bg4 18. Rec2 a6 19. Nd6 Bxf3 20. Qxf3 Nd4 21. Qd3 Nxc2 22. Nxc8 Qxc8 23. Rxc2 Qg4 24. Bg3 a5 25. Qxd5 h5 26. h3 Qf5 27. Rd2 Qg5 28. h4 Qxg3 29. Qxc5 Qxh4 30. Qxb6 Qe4 31. Qxa5 Re8 32. Rd8 Rxd8 33. Qxd8+ Kh7 34. Qd2 Qxe5 35. b4 Qa1+ 36. Kh2 Qxa3 37. b5 Qb3 38. Qe2 g6 39. Qe8 Kg7 40. Qc6 Qb4 41. b6 Qf4+ 42. Kg1 Qb4 43. b7 h4 44. Qc7 Qe1+ 45. Kh2 Qe4 46. b8=Q g5 47. Qe5+ 1-0


[Site "https://www.chess.com"]

[Event "Titled Tuesday Blitz June 6 Early 2023"]
[White "Ronka, Erik"]
[Black "Herman, Daniel"]
[WhiteFideId "505080"]
[BlackFideId "30935008"]
[WhiteElo "2264"]
[BlackElo "1897"]
[Result "0-1"]
[Round "9"]
[TimeControl "180+2"]
[Date "2023.06.06"]
[WhiteClock "0:00:06"]
[BlackClock "0:00:08"]
[Board "80"]

1. c4 c6 2. Nf3 d5 3. g3 dxc4 4. Bg2 Nf6 5. O-O g6 6. Qc2 Be6 7. Ng5 Bg4 8. Qxc4 e6 9. Nc3 h6 10. Nf3 Bxf3 11. Bxf3 Bg7 12. d4 O-O 13. e4 Nbd7 14. Be3 e5 15. Rfd1 Qe7 16. Qe2 exd4 17. Bxd4 Rfe8 18. Re1 Ne5 19. Bg2 Rad8 20. Rad1 Qb4 21. a3 Qb3 22. f4 Nc4 23. Nb1 Ng4 24. Bxg7 Qb6+ 25. Kh1 Nf2+ 26. Qxf2 Qxf2 27. Bf6 Ne3 0-1


[Site "https://www.chess.com"]

[Event "Titled Tuesday Blitz June 6 Early 2023"]
[White "Matveeva, Olga"]
[Black "Sharapov, Evgeny"]
[WhiteFideId "24107018"]
[BlackFideId "14103133"]
[WhiteElo "2009"]
[BlackElo "2367"]
[Result "0-1"]
[Round "9"]
[TimeControl "180+2"]
[Date "2023.06.06"]
[WhiteClock "0:00:38"]
[BlackClock "0:01:45"]
[Board "81"]

1. d4 Nf6 2. c4 e6 3. g3 Bb4+ 4. Bd2 Qe7 5. Nf3 O-O 6. Bg2 Bxd2+ 7. Nbxd2 d6 8. O-O e5 9. dxe5 dxe5 10. e3 Nc6 11. Qc2 Rd8 12. Rfd1 h6 13. h3 e4 14. Nd4 Nxd4 15. exd4 e3 16. Ne4 Nxe4 17. Qxe4 Qxe4 18. Bxe4 exf2+ 19. Kxf2 Bxh3 20. Rd2 c6 21. d5 cxd5 22. Bxd5 Be6 23. Rad1 Bxd5 24. Rxd5 Rxd5 25. Rxd5 Rc8 26. Rd7 Rxc4 27. Rxb7 Rc2+ 28. Kf3 a5 29. a4 h5 30. Rb5 g6 31. b3 Rb2 32. Kf4 Kg7 33. Rb6 f6 34. Rb5 g5+ 35. Kf3 Kg6 36. Rb6 g4+ 37. Kf4 Rf2+ 38. Ke4 Rf3 39. b4 axb4 40. Rxb4 Rxg3 41. a5 Ra3 42. Rb5 h4 43. Kf4 Ra4+ 44. Ke3 h3 45. Kf2 Ra3 46. Kg1 g3 47. Kf1 Ra1+ 48. Ke2 h2 0-1


[Site "https://www.chess.com"]

[Event "Titled Tuesday Blitz June 6 Early 2023"]
[White "FunnyDuck66"]
[Black "Baches Garcia, Guillermo"]
[BlackFideId "2209764"]
[WhiteElo "2436"]
[BlackElo "2514"]
[Result "1/2-1/2"]
[Round "9"]
[TimeControl "180+2"]
[Date "2023.06.06"]
[WhiteClock "0:00:40"]
[BlackClock "0:00:38"]
[Board "82"]

1. d4 d5 2. c4 e6 3. Nc3 h6 4. cxd5 exd5 5. Bf4 c6 6. Qc2 Bd6 7. Bg3 Bxg3 8. hxg3 Nf6 9. e3 O-O 10. Bd3 Ne8 11. Nf3 Nd6 12. Ne5 Nd7 13. O-O-O Qe7 14. f4 Nxe5 15. fxe5 Nc4 16. Bxc4 dxc4 17. Qf2 Be6 18. Qf4 f5 19. Qh4 Qf7 20. Rdf1 Qg6 21. Ne2 Qg4 22. Nf4 Bd5 1/2-1/2


[Site "https://www.chess.com"]

[Event "Titled Tuesday Blitz June 6 Early 2023"]
[White "Koridze, Lile"]
[Black "Tokman, Ariel"]
[WhiteFideId "13612514"]
[BlackFideId "117420"]
[WhiteElo "2047"]
[BlackElo "2263"]
[Result "0-1"]
[Round "9"]
[TimeControl "180+2"]
[Date "2023.06.06"]
[WhiteClock "0:00:55"]
[BlackClock "0:00:03"]
[Board "83"]

1. d4 Nf6 2. c4 g6 3. Nc3 Bg7 4. e4 d6 5. Nf3 O-O 6. Be2 Nc6 7. O-O a6 8. d5 Nb8 9. h3 e5 10. dxe6 Bxe6 11. Qc2 Nc6 12. a3 Re8 13. b3 h6 14. Bb2 Nd7 15. Nd5 Bxd5 16. exd5 Bxb2 17. Qxb2 Nce5 18. Nxe5 Rxe5 19. f4 Re3 20. f5 g5 21. Bh5 Qf6 22. Qc2 Rae8 23. Rad1 Nc5 24. b4 Ne4 25. Rfe1 Ng3 26. Rxe3 Rxe3 27. Qf2 Qe5 28. Bg4 h5 29. Bf3 h4 30. Qd2 Nxf5 31. Bg4 Ng3 32. a4 Kg7 33. c5 Qc3 34. cxd6 cxd6 35. Qxc3+ Rxc3 36. Re1 Rb3 37. Kf2 Rxb4 38. Re7 Rxa4 39. Rxb7 Ra2+ 40. Ke1 Rxg2 41. Be6 Kf6 42. Rxf7+ Ke5 43. Ra7 Ra2 44. Rg7 Ne4 45. Rf7 Kd4 46. Kd1 Ke3 47. Kc1 a5 48. Ra7 a4 49. Bd7 Nc3 50. Bf5 a3 51. Ra5 Kd4 52. Be6 Kc4 53. Ra8 Kb4 54. Rc8 Kb3 55. Rb8+ Kc4 56. Rc8+ Kd4 57. Ra8 Ra1+ 58. Kc2 a2 59. Rb8 Rh1 60. Rb4+ Kc5 61. Kxc3 a1=Q+ 62. Rb2 Rh2 0-1


[Site "https://www.chess.com"]

[Event "Titled Tuesday Blitz June 6 Early 2023"]
[White "Moore, Nicholas"]
[Black "Ginzburg, Yakov"]
[WhiteFideId "4303709"]
[BlackFideId "4157176"]
[WhiteElo "2413"]
[BlackElo "2305"]
[Result "1-0"]
[Round "9"]
[TimeControl "180+2"]
[Date "2023.06.06"]
[WhiteClock "0:00:09"]
[BlackClock "0:00:02"]
[Board "84"]

1. c4 c6 2. g3 d5 3. Nf3 Nf6 4. Bg2 g6 5. O-O Bg7 6. b3 O-O 7. Bb2 Bf5 8. d4 Ne4 9. e3 Nd7 10. Nh4 Be6 11. Nd2 f5 12. cxd5 cxd5 13. Rc1 Ndf6 14. Nhf3 Nxd2 15. Qxd2 Ne4 16. Qb4 Qd7 17. Ba3 Rfe8 18. Rc2 a5 19. Qb6 Ra6 20. Qc7 b5 21. Qxd7 Bxd7 22. Bc5 Rc8 23. Rfc1 Rac6 24. Ne1 Nxc5 25. Bxd5+ e6 26. Bxc6 Rxc6 27. Rxc5 Rd6 28. Nd3 b4 29. Rxa5 h5 30. Rc7 Bf6 31. Ra8+ Kf7 32. Raa7 Ke8 33. Nc5 Bb5 34. Ra8+ Bd8 35. Rh7 e5 36. Nb7 Rd5 37. Rxd8+ Rxd8 38. Rh8+ Ke7 39. Nxd8 exd4 40. exd4 f4 41. gxf4 Kf6 42. d5 Kf5 43. Rf8+ Ke4 44. d6 Bd7 45. Nb7 Kf3 46. Nc5 Bh3 47. d7 g5 48. fxg5+ Kg4 49. d8=Q Kh4 50. Qd6 Kxg5 51. Qf4+ Kg6 52. Qf6+ Kh7 53. Rh8# 1-0


[Site "https://www.chess.com"]

[Event "Titled Tuesday Blitz June 6 Early 2023"]
[White "Zheenbekov, Nurgazy"]
[Black "Manon-og, Ramon Jr."]
[WhiteFideId "13800485"]
[BlackFideId "5200776"]
[WhiteElo "1975"]
[BlackElo "2387"]
[Result "1-0"]
[Round "9"]
[TimeControl "180+2"]
[Date "2023.06.06"]
[WhiteClock "0:00:23"]
[BlackClock "0:00:49"]
[Board "85"]

1. e4 c5 2. Nf3 d6 3. Bb5+ Nd7 4. a4 Nf6 5. e5 dxe5 6. Nxe5 a6 7. Bxd7+ Nxd7 8. Nf3 e6 9. O-O Bd6 10. d4 cxd4 11. Qxd4 Nf6 12. Nc3 O-O 13. Bg5 Be7 14. Rad1 Qc7 15. Bf4 Qc5 16. Bd6 Bxd6 17. Qxd6 Qf5 18. Ne5 Qxc2 19. Rd2 Qf5 20. Rfd1 h6 21. h3 Ne4 22. Nxe4 Qxe4 23. Rd4 Qc2 24. Qe7 Qf5 25. Rd8 Rxd8 26. Rxd8+ Kh7 27. Nxf7 Qb1+ 28. Kh2 Qxb2 29. f4 Qf6 30. Rh8+ Kg6 31. Rxh6+ gxh6 32. Ne5+ Kf5 33. g4+ 1-0


[Site "https://www.chess.com"]

[Event "Titled Tuesday Blitz June 6 Early 2023"]
[White "Pinheiro, Iung Alicio de O."]
[Black "Georg, Heinz"]
[WhiteFideId "2104350"]
[BlackFideId "4607295"]
[WhiteElo "2283"]
[BlackElo "2339"]
[Result "1-0"]
[Round "9"]
[TimeControl "180+2"]
[Date "2023.06.06"]
[WhiteClock "0:00:04"]
[BlackClock "0:00:02"]
[Board "86"]

1. d4 f5 2. b3 d5 3. h4 Nf6 4. Bf4 e6 5. e3 Bd6 6. Nh3 O-O 7. c3 Nc6 8. Bxd6 Qxd6 9. f4 Ne4 10. Bd3 Ng3 11. Rh2 Qe7 12. Ng5 h6 13. Nf3 Bd7 14. Nbd2 Nd8 15. Rh3 Ne4 16. Bxe4 fxe4 17. Ne5 Be8 18. h5 c5 19. Qg4 Nc6 20. Rg3 cxd4 21. exd4 Rf5 22. Rh3 Nxe5 23. dxe5 Qf7 24. g3 Rc8 25. Rc1 Rc6 26. Nf1 Rxh5 27. Rxh5 Qxh5 28. Qxh5 Bxh5 29. Kd2 g5 30. fxg5 hxg5 31. Ne3 Bf3 32. Nc2 Kf7 33. Nd4 Rc8 34. c4 dxc4 35. Nb5 Rh8 36. Nd6+ Ke7 37. Rxc4 Rh2+ 38. Ke3 Re2+ 39. Kd4 Rd2+ 40. Ke3 Rd3+ 41. Kf2 g4 42. Rc7+ Kd8 43. Rc8+ Kd7 44. Rc1 Rd2+ 45. Ke3 Rxa2 46. Nxb7 Ra3 47. Kd4 e3 48. Nc5+ Ke7 49. Kxe3 a5 50. Kd4 a4 51. bxa4 Ra2 52. Rc3 Bd5 53. Nd3 Rg2 54. Nf4 Rd2+ 55. Kc5 Ra2 56. Nxd5+ exd5 57. Kxd5 Rxa4 58. Rc7+ Kd8 59. Rg7 1-0


[Site "https://www.chess.com"]

[Event "Titled Tuesday Blitz June 6 Early 2023"]
[White "Bogaudinov, Rushan"]
[Black "Srebrnic, Marko"]
[WhiteFideId "4129288"]
[BlackFideId "14603616"]
[WhiteElo "1967"]
[BlackElo "2341"]
[Result "1-0"]
[Round "9"]
[TimeControl "180+2"]
[Date "2023.06.06"]
[WhiteClock "0:00:12"]
[BlackClock "0:00:02"]
[Board "87"]

1. d4 Nf6 2. g3 e6 3. Bg2 Be7 4. e4 O-O 5. e5 Ne8 6. f4 d6 7. Nf3 dxe5 8. dxe5 Qxd1+ 9. Kxd1 c5 10. Nc3 Nc6 11. Be3 Nc7 12. Ke2 Nd5 13. Ne4 c4 14. Bc5 Bxc5 15. Nxc5 b6 16. Ne4 c3 17. bxc3 Ba6+ 18. Kf2 Na5 19. Nd6 Rac8 20. Nxc8 Rxc8 21. Ng5 Nxc3 22. Rhe1 Nc4 23. Ne4 Nd5 24. Nd6 Rc5 25. Be4 Nb4 26. Rad1 g6 27. Ne8 Rc8 28. Nf6+ Kg7 29. Rd7 Bb5 30. Rxa7 Nd2 31. a4 Nxe4+ 32. Nxe4 Rxc2+ 33. Kg1 Bc6 34. Nd6 Rg2+ 35. Kf1 Rxh2 36. Rxf7+ Kh6 37. Rc7 Bf3 38. Nf7+ Kh5 39. Re3 Kg4 40. Ng5 Bd5 41. Rxh7 Rxh7 42. Nxh7 Nc2 43. Nf6+ Kh3 44. Rc3 Nd4 45. g4+ Kh4 46. Nxd5 exd5 47. Rd3 Ne6 48. f5 Nf4 49. Rd4 Kg5 50. Rxf4 Kxf4 51. e6 1-0


[Site "https://www.chess.com"]

[Event "Titled Tuesday Blitz June 6 Early 2023"]
[White "Vaglio Munoz, Jaime"]
[Black "Camacho Collados, Jose"]
[WhiteFideId "6500145"]
[BlackFideId "2265427"]
[WhiteElo "2199"]
[BlackElo "2212"]
[Result "1-0"]
[Round "9"]
[TimeControl "180+2"]
[Date "2023.06.06"]
[WhiteClock "0:00:23"]
[BlackClock "0:00:01"]
[Board "88"]

1. Nf3 b6 2. c4 Bb7 3. b3 Nf6 4. Bb2 e6 5. g3 Be7 6. Bg2 O-O 7. O-O c5 8. d4 cxd4 9. Nxd4 Bxg2 10. Kxg2 Nc6 11. Nc3 Rc8 12. Nf3 a6 13. Qd2 Qc7 14. Rad1 Rfd8 15. e4 Ne5 16. Nxe5 Qxe5 17. Rfe1 Qh5 18. h3 d6 19. f4 Qc5 20. Na4 Qc6 21. Qe2 b5 22. cxb5 axb5 23. Nc3 b4 24. Na4 d5 25. Bxf6 Bxf6 26. e5 d4+ 27. Qf3 Be7 28. Qxc6 Rxc6 29. Rd2 g5 30. Kf3 Rc3+ 31. Nxc3 bxc3 32. Rd3 c2 33. Rc1 Rc8 34. Rd2 d3 35. Rxd3 Ba3 36. Rd8+ Rxd8 37. Rxc2 Rd3+ 38. Kg4 gxf4 39. gxf4 Kg7 40. h4 Rd4 41. Rg2 Bc1 42. Kf3+ Kh6 43. f5 exf5 44. Rc2 Ba3 45. Rc6+ Kg7 46. h5 Rh4 47. Ra6 Bc1 48. Rc6 Bg5 49. a4 Rb4 50. Rc3 Be7 51. a5 Rb5 52. Rc7 Bb4 53. e6 1-0


[Site "https://www.chess.com"]